Dungeon Sprint DCSS version 0.22.2-1-ge965b3a (webtiles) character file.

12200000 Fang the Conqueror (level 27, -157/247 (249) HPs) Began as a Demonspawn Gladiator on June 3, 2019. Was the Champion of Makhleb. Annihilated by a destroyer ... wielding a +9 great sword of slicing (180 damage) ... in the Dungeon (Sprint VIII: "Arena of Blood"). The game lasted 00:01:36 (122 turns). Fang the Conqueror (Demonspawn Gladiator) Turns: 122, Time: 00:01:36 HP: -157/247 (249)AC: 8 Str: 25 XL: 27 MP: 45/54 EV: 32 Int: 12 God: Makhleb [******] Gold: 0 SH: 0 Dex: 15 Spells: 80/80 levels left rFire . . . SeeInvis . l - +∞ Axe of Woe rCold + . . Gourm . (shield currently unavailable) rNeg + . . Faith . b - +0 leather armour rPois . Spirit . c - +0 helmet rElec . Reflect . (no cloak) rCorr . Harm . (no gloves) MR ++... NoTele + (boots unavailable) Stlth +++++++++. (no amulet) HPRegen 9.51/turn (no ring) MPRegen 0.34/turn (no ring) @: slowed, very slow A: hooves 3, cold resistance 1, icemail, negative energy resistance 1, powered by death 3, 50% torment resistance, black mark, freezing cloud immunity, sturdy frame 3 a: Minor Destruction, Lesser Servant of Makhleb, Major Destruction, Greater Servant of Makhleb, Renounce Religion You were in the Dungeon. You worshipped Makhleb. Makhleb was exalted by your worship. You were not hungry. You visited 1 branch

Inventory:

Hand Weapons
 a - a +0 war axe
 l - the +∞ Axe of Woe (weapon)
   (You found it in the Dungeon)
Missiles
 d - 3 throwing nets (quivered)
Armour
 b - a +0 leather armour (worn)
 c - a +0 helmet (worn)
Scrolls
 k - a scroll of blinking
Potions
 e - a potion of curing
 g - a potion of heal wounds
 h - a potion of haste
 i - 2 potions of magic
 j - a potion of berserk rage
Comestibles
 f - a ration


   Skills:
 O Level 27 Fighting
 O Level 27 Axes
 O Level 27 Throwing
 O Level 27 Armour
 O Level 27 Dodging
 O Level 27 Stealth
 O Level 27 Unarmed Combat
 O Level 27 Spellcasting
 O Level 27 Invocations


You had 80 spell levels left.
You didn't know any spells.
Your spell library was empty.

Dungeon Overview and Level Annotations

Branches:
Dungeon (1/1)

Altars:
Makhleb


Innate Abilities, Weirdness & Mutations

You have hooves in place of feet.
Your flesh is cold resistant. (rC+)
A meltable icy envelope protects you from harm. (AC +0)
You resist negative energy. (rN+)
You regenerate a lot of health from kills.
You are somewhat able to resist unholy torments (1 in 2 success).
Your melee attacks may debilitate your foes.
You are immune to freezing clouds.
Your movements are significantly less encumbered by armour. (ER -6)


Message History

Something smites you!
* * * LOW HITPOINT WARNING * * *
The scourge misses you.
A bag of meat comes into view. It is wielding a +9 war axe.
The eight-headed meat hydra calls on the powers of darkness!
The eight-headed meat hydra convulses!
The bag of meat convulses! x2
The large bag of meat convulses!
The bag of meat convulses! x2
Your body is wracked with pain!
* * * LOW HITPOINT WARNING * * *
You hear a shout! x2
The meat berserker rages.
The bag of meat is engulfed in blazing flames.
You feel something staring at you. Something smites you!
* * * LOW HITPOINT WARNING * * *
The scourge closely misses you.
You hear a shout!
The destroyer hits you with a +9 great sword of slicing!!!!!
Ouch! That really hurt!
You die...

O..§L...X #X.O..D.#
.. #oo.§.o.# X.
...###.O% §o)###..%
.....%.%###§§X§X...
#.....§LX_)§§§o....
.....#X)))o#......
.o. #_)<)_# ..%..
...X.#))V@o#......
#....§)))_)Soo.....
%..O.o..###Soooo...
..o###... ...###...
.. #... ...# ..
#......O# .........
...O....... ....


You could see 3 tentacled monstrosities, a tyrant, an eight-headed meat hydra, a
destroyer, 2 scourges, 2 large bags of meat, a large abomination (wandering), a
meat berserker (berserk) and 12 bags of meat.

Vanquished Creatures
  9 hell beasts (D)
  2 greater mummies (D)
  2 great orbs of eyes (D)
  A wraith (D)
  21 vampire knights (D)
  38 ogres (D)
  6 two-headed ogres (D)
  8 liches (D)
  5 hydras (D)
  66 orcs (D)
  A phantom (D)
  3 skeletal warriors (D)
  A sea snake (D)
  5 large abominations (D)
  9 small abominations (D)
  8 crawling corpses (D)
185 creatures vanquished.

Vanquished Creatures (others)
  A great orb of eyes (D)
  3 ogres (D)
  A two-headed ogre (D)
  An orc (D)
  A crawling corpse (D)
7 creatures vanquished.

Grand Total: 192 creatures vanquished

Notes
Turn   | Place    | Note
-------+----------+-------------------------------------------
     0 | D        | Found the +∞ Axe of Woe
     0 | D        | Fang the Demonspawn Gladiator began the quest for the Orb.
     0 | D        | Reached XP level 1. HP: 16/16 MP: 1/1
     2 | D        | Noticed a meat berserker
     2 | D        | Noticed a bag of meat
     4 | D        | Became a worshipper of Makhleb the Destroyer
     7 | D        | Killed a meat berserker
     7 | D        | Reached skill level 15 in Axes
     7 | D        | Reached skill level 15 in Throwing
     7 | D        | Reached skill level 15 in Dodging
     7 | D        | Gained mutation: You have large cloven feet. [demonic
                  | ancestry]
     7 | D        | Reached XP level 2. HP: 46/46 MP: 2/2
     7 | D        | Gained mutation: Your flesh is cold resistant. (rC+)
                  | [demonic ancestry]
     7 | D        | Reached XP level 3. HP: 52/52 MP: 3/3
     7 | D        | Gained mutation: You regenerate a little health from kills.
                  | [demonic ancestry]
     7 | D        | Reached XP level 4. HP: 59/59 MP: 4/4
     7 | D        | Reached XP level 5. HP: 66/66 MP: 5/5
     7 | D        | Gained mutation: You have hoof-like feet. [demonic
                  | ancestry]
     7 | D        | Reached XP level 6. HP: 73/73 MP: 6/6
     7 | D        | Gained mutation: You regenerate health from kills. [demonic
                  | ancestry]
     7 | D        | Reached XP level 7. HP: 79/79 MP: 7/7
     7 | D        | Gained mutation: You have hooves in place of feet. [demonic
                  | ancestry]
     7 | D        | Reached XP level 8. HP: 86/86 MP: 8/8
     7 | D        | Reached XP level 9. HP: 92/92 MP: 9/9
     7 | D        | Reached XP level 10. HP: 100/100 MP: 10/10
     7 | D        | Reached XP level 11. HP: 106/106 MP: 11/11
     7 | D        | Gained mutation: Your movements are slightly less
                  | encumbered by armour. (ER -2) [demonic ancestry]
     7 | D        | Reached XP level 12. HP: 113/113 MP: 12/12
     7 | D        | Gained mutation: You regenerate a lot of health from kills.
                  | [demonic ancestry]
     7 | D        | Reached XP level 13. HP: 119/119 MP: 13/13
     7 | D        | Noticed a meat berserker
     7 | D        | Noticed a bag of meat
     7 | D        | Noticed a bag of meat
     9 | D        | Killed a meat berserker
     9 | D        | Reached * piety under Makhleb
     9 | D        | Gained mutation: Your movements are less encumbered by
                  | armour. (ER -4) [demonic ancestry]
     9 | D        | Reached XP level 14. HP: 133/133 MP: 14/14
     9 | D        | Noticed a bag of meat
     9 | D        | Noticed a meat berserker
    11 | D        | Killed a bag of meat
    11 | D        | Noticed a meat berserker
    13 | D        | Killed a bag of meat
    13 | D        | Reached XP level 15. HP: 144/144 MP: 15/15
    14 | D        | Killed a meat berserker
    14 | D        | Reached ** piety under Makhleb
    14 | D        | Gained mutation: You resist negative energy. (rN+) [demonic
                  | ancestry]
    14 | D        | Reached XP level 16. HP: 157/157 MP: 16/16
    15 | D        | Noticed a meat berserker
    16 | D        | Killed a meat berserker
    16 | D        | Reached *** piety under Makhleb
    16 | D        | Reached XP level 17. HP: 169/169 MP: 17/17
    18 | D        | Noticed a meat berserker
    19 | D        | Killed a meat berserker
    19 | D        | Reached skill level 27 in Fighting
    20 | D        | Noticed a meat berserker
    21 | D        | Noticed a meat berserker
    21 | D        | Reached **** piety under Makhleb
    21 | D        | Gained mutation: You are somewhat able to resist unholy
                  | torments (1 in 2 success). [demonic ancestry]
    21 | D        | Reached XP level 18. HP: 172/182 MP: 18/18
    21 | D        | Reached skill level 27 in Axes
    21 | D        | Reached skill level 27 in Throwing
    21 | D        | Reached skill level 27 in Dodging
    21 | D        | Reached skill level 1 in Invocations
    21 | D        | Noticed a large bag of meat
    22 | D        | Noticed a meat berserker
    22 | D        | Noticed a meat berserker
    24 | D        | Killed a meat berserker
    24 | D        | Reached skill level 10 in Armour
    24 | D        | Reached skill level 10 in Unarmed Combat
    24 | D        | Reached skill level 10 in Spellcasting
    24 | D        | Gained mutation: You are immune to freezing clouds.
                  | [demonic ancestry]
    24 | D        | Reached XP level 19. HP: 189/189 MP: 18/33
    25 | D        | Noticed a meat berserker
    25 | D        | Noticed a large bag of meat
    26 | D        | Killed a large bag of meat
    26 | D        | Reached ***** piety under Makhleb
    26 | D        | Reached skill level 15 in Stealth
    26 | D        | Killed a meat berserker
    27 | D        | Noticed a large bag of meat
    28 | D        | Killed a meat berserker
    28 | D        | Gained mutation: Your movements are significantly less
                  | encumbered by armour. (ER -6) [demonic ancestry]
    28 | D        | Reached XP level 20. HP: 197/197 MP: 19/41
    28 | D        | Killed a meat berserker
    29 | D        | Reached skill level 27 in Invocations
    30 | D        | Killed a meat berserker
    30 | D        | Reached XP level 21. HP: 204/204 MP: 19/46
    31 | D        | Reached ****** piety under Makhleb
    33 | D        | Reached XP level 22. HP: 212/212 MP: 20/50
    34 | D        | Noticed a destroyer
    35 | D        | Reached skill level 27 in Stealth
    35 | D        | Killed a large bag of meat
    36 | D        | Reached skill level 27 in Armour
    36 | D        | Reached skill level 27 in Unarmed Combat
    36 | D        | Reached skill level 27 in Spellcasting
    37 | D        | Killed a large bag of meat
    37 | D        | Reached XP level 23. HP: 219/219 MP: 21/54
    38 | D        | Noticed a destroyer
    40 | D        | Killed a destroyer
    41 | D        | Noticed a destroyer
    44 | D        | Reached XP level 24. HP: 227/227 MP: 23/54
    44 | D        | Noticed a large bag of meat
    45 | D        | Killed a destroyer
    45 | D        | Noticed a destroyer
    46 | D        | Noticed a destroyer
    46 | D        | Noticed a destroyer
    47 | D        | Killed a destroyer
    47 | D        | Noticed a destroyer
    48 | D        | Reached XP level 25. HP: 157/234 MP: 24/54
    49 | D        | Killed a destroyer
    52 | D        | Killed a destroyer
    52 | D        | Gained mutation: A meltable icy envelope protects you from
                  | harm. (AC +0) [demonic ancestry]
    52 | D        | Reached XP level 26. HP: 242/242 MP: 25/54
    54 | D        | Killed a large bag of meat
    55 | D        | Killed a destroyer
    56 | D        | Gained mutation: Your melee attacks may debilitate your
                  | foes. [demonic ancestry]
    56 | D        | Reached XP level 27. HP: 249/249 MP: 26/54
    57 | D        | Killed a destroyer
    57 | D        | Noticed a destroyer
    58 | D        | Noticed a destroyer
    59 | D        | Noticed a destroyer
    59 | D        | Noticed a destroyer
    60 | D        | Killed a destroyer
    64 | D        | Killed a destroyer
    65 | D        | Noticed a destroyer
    65 | D        | Noticed a destroyer
    67 | D        | Killed a destroyer
    67 | D        | Noticed a destroyer
    68 | D        | Noticed a tyrant
    71 | D        | Noticed a large bag of meat
    71 | D        | HP: 4/249 [destroyer/+9 great sword of slicing (58)]
    71 | D        | HP: 1/249 [destroyer/+9 great sword of slicing (3)]
    73 | D        | Killed a destroyer
    75 | D        | Killed a destroyer
    76 | D        | Noticed an accursed
    76 | D        | Noticed a destroyer
    77 | D        | Noticed a meat beast
    78 | D        | Killed a destroyer
    79 | D        | Killed a large bag of meat
    79 | D        | Killed a destroyer
    79 | D        | Noticed a destroyer
    79 | D        | Noticed a tyrant
    79 | D        | Noticed a destroyer
    79 | D        | Noticed a meat beast
    81 | D        | Noticed a meat beast
    81 | D        | Killed a destroyer
    81 | D        | Killed a meat beast
    81 | D        | Noticed a meat beast
    82 | D        | Killed a destroyer
    82 | D        | Killed a meat beast
    82 | D        | Noticed a meat beast
    82 | D        | Noticed a dread
    84 | D        | Killed a meat beast
    85 | D        | Noticed a meat beast
    86 | D        | Noticed a destroyer
    87 | D        | Killed a meat beast
    87 | D        | Noticed a destroyer
    87 | D        | Noticed a large bag of meat
    89 | D        | Noticed a destroyer
    91 | D        | Killed a tyrant
    92 | D        | Killed a meat beast
    92 | D        | Killed a meat beast
    93 | D        | Killed a destroyer
    94 | D        | Noticed a tyrant
    94 | D        | Noticed a destroyer
    94 | D        | Noticed a tyrant
    94 | D        | Noticed an accursed
    95 | D        | Killed a tyrant
    95 | D        | Noticed a tyrant
    95 | D        | Noticed a tyrant
    96 | D        | Killed an accursed
    96 | D        | Killed a dread
    97 | D        | Killed a destroyer
   100 | D        | Noticed a large bag of meat
   101 | D        | Killed a destroyer
   103 | D        | Killed a tyrant
   103 | D        | Killed a destroyer
   104 | D        | Noticed a tyrant
   105 | D        | Noticed a tyrant
   105 | D        | Noticed a meat beast
   108 | D        | Killed a destroyer
   108 | D        | Noticed a meat beast
   109 | D        | Killed a large bag of meat
   109 | D        | Killed a large bag of meat
   110 | D        | Killed a tyrant
   110 | D        | Killed an accursed
   110 | D        | Noticed a tyrant
   111 | D        | Killed a tyrant
   111 | D        | Killed a meat beast
   111 | D        | Noticed a large bag of meat
   113 | D        | Killed a tyrant
   113 | D        | Noticed a tyrant
   115 | D        | Killed a tyrant
   115 | D        | Killed a meat beast
   117 | D        | Noticed a meat beast
   118 | D        | Killed a tyrant
   118 | D        | Noticed a destroyer
   119 | D        | Noticed a tyrant
   121 | D        | Killed a meat beast
   121 | D        | Noticed a large bag of meat
   122 | D        | Annihilated by a destroyer

Skill      XL: |  1  2  3  4  5  6  7  8  9 10 11 12 13 14 15 16 17 18 19 20 21 22 |
---------------+-------------------------------------------------------------------+-----
Fighting       | 16 19 21 23 25 27 | 27.0
Axes           | 15 18 19 22 23 26 27 | 27.0
Throwing       | 15 18 19 22 23 26 27 | 27.0
Dodging        | 15 18 19 22 23 26 27 | 27.0
Invocations    | 14 23 27 | 27.0
Armour         | 10 17 21 24 27 | 27.0
Stealth        | 11 19 23 26 27 | 27.0
Unarmed Combat | 10 17 21 24 27 | 27.0
Spellcasting   | 10 17 21 24 27 | 27.0

Action                   |  1- 3 |  4- 6 |  7- 9 | 10-12 | 13-15 | 16-18 | 19-21 | 22-24 | 25-27 || total
-------------------------+-------+-------+-------+-------+-------+-------+-------+-------+-------++-------
Melee: Executioner's axe |     1 |       |       |       |     4 |     5 |     7 |    12 |    58 ||    87
Armor: Leather armour    |       |       |       |       |       |       |       |       |     3 ||     3
Dodge: Dodged            |       |       |       |       |       |     2 |     1 |     1 |    11 ||    15
